[Event "Mongolian Championship Open 2022"]
[Site "Chingis Khentii"]
[Date "2022.05.21"]
[Round "9.4"]
[White "Amilal Munkhdalai"]
[Black "Gan-Erdene, Sugar"]
[Result "0-1"]
[ECO "B53"]
[WhiteElo "2033"]
[BlackElo "2419"]
[Annotator "TA"]
[PlyCount "114"]
[EventDate "2022.05.12"]
[EventType "tourn"]
[EventCountry "MGL"]
[SourceTitle "playchess.com"]
[Source "ChessBase"]
[SourceQuality "1"]
[TimeControl "40/5400+30:1800+30"]

1. e4 c5 2. Nf3 d6 3. d4 Nf6 4. e5 dxe5 5. dxe5 Qxd1+ 6. Kxd1 {[%emt 0:00:04] B53: Sicilian: 2...d6: Lines with Qxd4.} Ng4 7. Ke1 Nc6 8. Bf4 {[%emt 0:00:44] [#] The position is equal.} Bf5 $146 (8... g5 {deserves consideration.} 9. Bxg5 Bg7) ({Predecessor:} 8... g5 9. Bxg5 Bg7 10. Bb5 Bd7 11. Nc3 Ngxe5 12. Nxe5 Nxe5 13. Bxd7+ Nxd7 14. Rd1 Bxc3+ 15. bxc3 {1-0 (49) Guliev,L (2273)-Ferguson,R (2058) Chess.com INT 2021}) 9. h3 $11 Nh6 10. c3 O-O-O 11. Nbd2 e6 12. g4 Bg6 13. Nh4 Be7 14. Nxg6 hxg6 15. Bg2 g5 16. Bg3 f5 17. exf6 $1 gxf6 18. Bxc6 bxc6 19. f3 f5 20. Ke2 Nf7 21. Nc4 Rh7 (21... f4 $11 22. Bf2 Rd5) 22. Rh2 Rdh8 23. Rah1 Bd8 24. Kf1 Bc7 25. Kg2 Rd8 26. Re1 Bxg3 27. Kxg3 f4+ 28. Kg2 Rh6 29. Rhh1 Nd6 (29... e5 $14) 30. Ne5 $16 Kc7 31. Rd1 Rh7 32. Rd2 (32. c4 $16) 32... Nf5 $1 $14 33. Rxd8 Ne3+ 34. Kf2 Kxd8 {[%emt 0:00:06][%mdl 4096] Endgame KRN-KRN} 35. h4 Kc7 36. Nd3 (36. Ng6 $16) 36... Kd6 $1 37. b3 {[%emt 0:01:29] And now h5 would win.} Rxh4 ({Don't do} 37... c4 38. bxc4 Nxc4 39. h5 $14) 38. Rxh4 gxh4 39. Nxf4 $11 {[%emt 0:00:34] KN-KN} Nd1+ 40. Kg2 {[%emt 0:00:00] [#] aiming for Ne2.} Nxc3 41. g5 Ke5 42. g6 {[%emt 0:17:35] g7 is the strong threat.} Kf6 (42... Kxf4 $2 43. g7 $18) 43. Kh3 e5 ({But not} 43... Nxa2 44. Kxh4 Nc3 45. Kh5 $16) 44. Nd3 Kxg6 {[%emt 0:02:54] [#] White must now prevent ...Kh5.} 45. Nxe5+ Kf5 46. Nxc6 Nxa2 {[%emt 0:01:23] Threatening ...a6.} 47. Nxa7 Nc1 48. b4 $2 {[%emt 0:00:16][%mdl 8192] Loses the game.} (48. Kxh4 $11 Nxb3 49. Kg3) 48... cxb4 $19 {[%emt 0:01:01][%cal Bc5b4,Bb4b3,Bb3b2][%mdl 32] ( -> ...b3)} 49. Nc6 b3 {[%emt 0:00:23] Black mates.} 50. Nd4+ Kg5 51. Nb5 Ne2 52. Na3 b2 53. Nb1 Nf4+ 54. Kh2 Kf5 55. Nd2 Ke6 56. Nb1 Kd5 57. Na3 Ke5 $2 {[%emt 0:12:45][%mdl 32768] Weighted Error Value: White=0.37/Black=0.10 (very precise) . Sensor Board Error (Ke4/e5)?} (57... Kd4 {mates} 58. Kg1 Kc3 59. Kh1 Kb3 60. Nb1 Kc2 61. Na3+ Kc1 62. Kh2 b1=Q 63. Nxb1 Kxb1 64. Kh1 Kc2 65. Kh2 Kd3 66. Kg1 Ke2 67. Kh2 Kf1 68. Kh1 h3 69. Kh2 Kf2 70. Kh1 Kg3 71. Kg1 h2+ 72. Kh1 Nd3 73. f4 Nf2#) 0-1

[Event "Mongolian Championship Open 2022"]
[Site "Chingis Khentii"]
[Date "2022.05.21"]
[Round "9.5"]
[White "Munkhgal, Gombosuren"]
[Black "Amartuvshin, Ganzorig"]
[Result "0-1"]
[ECO "A45"]
[WhiteElo "2502"]
[BlackElo "2350"]
[Annotator "TA"]
[PlyCount "96"]
[EventDate "2022.05.12"]
[EventType "tourn"]
[EventCountry "MGL"]
[SourceTitle "playchess.com"]
[Source "ChessBase"]
[SourceQuality "1"]
[TimeControl "40/5400+30:1800+30"]

1. d4 Nf6 2. Bf4 g6 3. Nc3 d5 4. e3 Bg7 5. h4 h5 6. Nf3 {[%emt 0:00:03] A45: Trompowsky Attack.} O-O 7. Be2 Bf5 8. Ne5 {[%emt 0:00:28] The position is equal.} c5 9. Qd2 (9. f3 $5 ) 9... cxd4 10. exd4 Nc6 11. f3 Rc8 12. a3 {[%emt 0:05:44] Against Nb4} Qb6 13. O-O-O {[%emt 0:02:03] [#]} Rfd8 $146 ({Predecessor:} 13... Na5 14. g4 hxg4 15. fxg4 Ne4 16. Nxd5 Nb3+ 17. Kb1 Nexd2+ 18. Bxd2 Bxc2+ {0-1 (18) Wood,T-Bodnaruk,A (2457) St Petersburg 2021}) 14. g4 {[%emt 0:02:59] White is on the road to losing.} (14. Be3 $15) 14... hxg4 $17 15. fxg4 (15. h5 $142) 15... Ne4 16. Qe3 {[%emt 0:22:54] Threatens to win with Nxc6.} Nxc3 17. bxc3 Be4 18. Rh3 Qa5 19. h5 (19. c4 $17 {was called for.}) 19... g5 $19 20. Bxg5 (20. Bh2 $142) 20... Qxa3+ 21. Kd2 Nxe5 $40 {[%emt 0:00:11][%mdl 128] Black has strong attack.} 22. h6 {[%emt 0:02:15] [#]} Nd3 $1 23. Bxd3 Qxc3+ 24. Ke2 Bxd4 {[%emt 0:01:27] Chess con chili.} 25. Qf4 Be5 26. h7+ (26. Bxe4 {might work better.} Qc4+ 27. Bd3 Qxf4 28. Bxf4 Bxf4 29. Rh5) 26... Kh8 27. Qxf7 (27. Qf2) 27... Bxd3+ (27... Bg7 $142 28. Qf2 Rf8) 28. Rhxd3 $2 (28. cxd3 Qd4 29. Rf3) 28... Qxc2+ 29. R1d2 Qc4 30. Bxe7 {[%emt 0:05:54] Strongly threatening Bf6+.} Re8 {[%emt 0:13:44][%cal Oe8e7] ...Rxe7! is the strong threat.} 31. Kf2 {[%emt 0:05:08] [#] Intending Bf6+ and mate.} Rxe7 32. Qxe7 (32. Qf3 Re6) 32... Qf4+ 33. Kg2 Rf8 (33... Qxg4+ $142 34. Kf2 Qf4+ 35. Kg2 Qh2+ 36. Kf1 Rc1+ 37. Rd1 Qf4+ 38. Ke1 Qe4+ 39. Kf2 Rc2+ 40. R1d2 Bd4+ 41. Kg3 Qxe7 42. Rxc2 Qe5+ 43. Kg4 Qe4+ 44. Kg5 Qxd3 45. Rc8+ Kxh7 46. Rc7+ Bg7 47. Rxb7 d4 48. Rb2 Qg3+ 49. Kf5 d3 50. Rd2 Qf3+ 51. Ke6 Qe3+ 52. Kf5 Qxd2 53. Ke4 Qe2+ 54. Kd5 d2 55. Kd6 d1=Q+ 56. Kc7 Qe7+ 57. Kc8 Qdd8#) 34. Qxf8+ Qxf8 35. Rxd5 Qf4 {[%emt 0:00:18] ( -> ...Qg3+)} 36. Rd7 Qg3+ 37. Kf1 Qf3+ 38. Kg1 Bf4 {[%emt 0:00:29] Black mates.} 39. R2d3 Qe2 40. g5 Be3+ 41. Kh1 Qf1+ 42. Kh2 Bf4+ 43. Rg3 Qe2+ 44. Kh3 Qe6+ 45. Rg4 Qxd7 46. g6 Be5 47. Kh4 Qf5 48. g7+ Bxg7 {[%emt 0:00:06] Weighted Error Value: White=1.09/Black=0.27 (precise)} 0-1

[Event "Mongolian Championship Open 2022"]
[Site "Chingis Khentii"]
[Date "2022.05.21"]
[Round "9.6"]
[White "Enkhnar, Enkhbaatar"]
[Black "Batchuluun, Tsegmed"]
[Result "0-1"]
[ECO "A28"]
[WhiteElo "2368"]
[BlackElo "2536"]
[Annotator "TA"]
[PlyCount "73"]
[EventDate "2022.05.12"]
[EventType "tourn"]
[EventCountry "MGL"]
[SourceTitle "playchess.com"]
[Source "ChessBase"]
[SourceQuality "1"]
[TimeControl "40/5400+30:1800+30"]

1. c4 e5 2. Nc3 Nf6 3. e3 Nc6 4. a3 a5 5. Nf3 Be7 6. d4 exd4 {[%emt 0:00:16] A28: English Opening: Four Knights Variation.} 7. exd4 d5 {[%emt 0:00:13][%cal Bd7d5,Bd5d4,Bd4c3][%mdl 32] [#]} 8. Ne5 $146 ({Predecessor:} 8. h3 O-O 9. Bd3 h6 10. O-O Be6 11. cxd5 Nxd5 12. Bc2 Nf6 13. Qd3 Re8 14. Rd1 {1-0 (44) Sevian,S (2647)-Bok,B (2624) Krasnaya Polyana 2021}) 8... O-O {[%emt 0:04:48] The position is equal.} 9. Nxc6 bxc6 10. c5 Re8 (10... Bxc5 $5 11. dxc5 d4 $15) 11. Be2 Bxc5 12. dxc5 d4 13. Bg5 h6 14. Bf4 {[%emt 0:05:11] [#]} Ba6 (14... Bf5 $1 $19 15. O-O dxc3 16. bxc3 Qxd1 17. Bxd1 Bd3 18. Bxc7 Bxf1 19. Kxf1 Ne4) 15. O-O $17 dxc3 16. Qxd8 Rexd8 17. Bxa6 cxb2 18. Rab1 {[%emt 0:01:15] [#] Threatens to win with Bb7.} Rxa6 19. Rxb2 Nd5 (19... Rd3 $142 20. Bxc7 Rxa3 21. Rb8+ Kh7) 20. Bd2 a4 21. f3 Raa8 22. Kf2 h5 (22... Ne7 $17 23. Re1 Ng6) 23. Rc1 Rdb8 (23... Ne7 $17) 24. Rcb1 Rxb2 25. Rxb2 $15 {[%emt 0:00:06][%mdl 4096] Endgame KRB-KRN} f6 26. Ke2 Kf7 27. Kd3 ({Better is} 27. Rc2 $15) 27... Ke6 28. Be1 (28. Rb1 $142) 28... g5 29. h4 {[%emt 0:01:29] White does not recover from this.} (29. Bd2 $17) 29... Kf5 $19 30. hxg5 fxg5 {[%emt 0:00:16] ...Re8 is the strong threat.} 31. g3 Re8 32. Re2 Rb8 {[%emt 0:00:08] Strongly threatening ...Rb3+.} 33. g4+ $2 (33. Bd2) 33... hxg4 {[%emt 0:00:20] Black is clearly winning.} 34. fxg4+ Kxg4 {[%emt 0:00:13] And now ...Nf4+ would win.} 35. Re4+ (35. Kd4 $142 Rd8 36. Re5) 35... Kf3 {[%emt 0:04:03] White must now prevent ...Nf4+.} 36. Rxa4 Re8 37. Kd4 {[%emt 1:07:30] Weighted Error Value: White=0.64/Black=0.20 (precise)} 0-1

[Event "Mongolian Championship Open 2022"]
[Site "Chingis Khentii"]
[Date "2022.05.22"]
[Round "10.1"]
[White "Gundavaa, Bayarsaikhan"]
[Black "Bilguun, Sumiya"]
[Result "1-0"]
[ECO "B54"]
[WhiteElo "2495"]
[BlackElo "2454"]
[Annotator "TA"]
[PlyCount "117"]
[EventDate "2022.05.12"]
[EventType "tourn"]
[EventCountry "MGL"]
[SourceTitle "playchess.com"]
[Source "ChessBase"]
[SourceQuality "1"]
[TimeControl "40/5400+30:1800+30"]

1. e4 c5 2. Nf3 e6 3. d4 cxd4 4. Nxd4 a6 5. Bd3 g6 6. Be3 Bg7 7. Nc3 d6 8. Qd2 {[%emt 0:01:23] White is more active. B54: Sicilian: 2...d6 3 d4 cxd4 4 Nxd4, Unusual Lines .} Nf6 9. Bh6 Bxh6 10. Qxh6 {[%emt 0:00:22] White is slightly better.} e5 11. Nb3 Be6 {[%emt 0:01:44] [#]} 12. O-O-O $146 ({Predecessor:} 12. O-O Nc6 13. Rad1 Ng4 14. Qd2 Qh4 15. h3 Nf6 16. f4 O-O 17. fxe5 dxe5 18. Nc5 {½-½ (99) Guliyev,N (2545)-Bilguun,S (2490) Paris 2018}) 12... Nc6 13. Be2 Qe7 14. Kb1 {[%emt 0:02:31] White now steadily converts the win.} Rc8 (14... O-O-O $142) 15. Rd2 ({White should try} 15. Nd5 Bxd5 16. exd5) 15... Bxb3 16. axb3 Nd4 (16... b5 $142) 17. Bc4 $1 $16 Ne6 18. Rhd1 Rd8 19. f3 {[%emt 0:09:46][%cal Bf2f3,Bf3f4,Bf4f5][%mdl 32] Inhibits Ng4.} Rd7 20. g3 Nd4 21. f4 Ng4 22. Qh3 ({Resist} 22. Qg7 $6 Qf8 23. Qxf8+ Kxf8 $14) 22... Nf6 (22... h5 23. Nd5 Qd8) 23. Nd5 (23. Rf1 $142) 23... Nxd5 $18 24. Bxd5 ({Stronger than} 24. exd5 b5 25. Bf1 Rd8 $11) 24... O-O (24... Kd8 {was called for.} 25. Rf2 Ne6) 25. c3 Nc6 {[%emt 0:01:54] [#]} 26. f5 Rc7 27. Bc4 {[%emt 0:02:59] aiming for fxg6.} Rd8 28. Qh6 {[%emt 0:00:59] Strongly threatening fxg6.} Qf6 29. g4 Qg7 30. Qxg7+ Kxg7 31. Rxd6 Rxd6 32. Rxd6 {[%emt 0:00:05][%mdl 4096] Endgame KRB-KRN} g5 33. Bd5 Nb8 34. Rb6 Nd7 35. Rxb7 Rxb7 36. Bxb7 {[%emt 0:00:05] KB-KN} a5 $2 (36... Nc5) 37. Kc2 Kf8 38. h3 {[%emt 0:05:31] Hoping for c4.} Ke7 39. Bd5 f6 $2 (39... Nf6 40. Kd2 h5 41. gxh5 Nxh5) 40. Kd3 Nb6 41. Be6 Kd6 42. Kc2 Kc5 43. Kb1 Kb5 44. Ka2 Kc6 45. Ka3 Kc5 46. Bc4 Nd7 47. Bd3 Nb6 48. Be2 Nd7 49. Ka4 Kb6 50. b4 axb4 51. Kxb4 Nc5 52. Kc4 Nxe4 53. Kd5 Ng3 54. Bd3 h5 55. c4 Kc7 56. b4 (56. c5 $142 hxg4 57. hxg4) 56... h4 57. c5 {[%emt 0:00:43] White mates.} e4 58. Bxe4 Ne2 59. Ke6 {[%emt 0:00:37] Weighted Error Value: White=0.16 (very precise) /Black=0.29 (precise)} (59. Kc4 $142 Kb8 60. b5 Ka7 61. b6+ Ka6 62. Kd5 Ng3 {[#]} 63. Kc6 $1 Ka5 64. b7) 1-0

[Event "Mongolian Championship Open 2022"]
[Site "Chingis Khentii"]
[Date "2022.05.22"]
[Round "10.2"]
[White "Gan-Erdene, Sugar"]
[Black "Agibileg, Uurtsaikh"]
[Result "1-0"]
[ECO "B48"]
[WhiteElo "2419"]
[BlackElo "2440"]
[Annotator "TA"]
[PlyCount "89"]
[EventDate "2022.05.12"]
[EventType "tourn"]
[EventCountry "MGL"]
[SourceTitle "playchess.com"]
[Source "ChessBase"]
[SourceQuality "1"]
[TimeControl "40/5400+30:1800+30"]

1. e4 c5 2. Nf3 e6 3. d4 cxd4 4. Nxd4 Nc6 5. Nc3 Qc7 6. Be3 a6 7. Qf3 {[%emt 0:00:18] B48: Sicilian: Taimanov: 5 Nc3 Qc7 6 Be3 a6 without Be2.} Nf6 8. O-O-O Rb8 9. Be2 {[%emt 0:01:04] White is slightly better.} Bb4 (9... b5 $11) 10. e5 $16 Nxe5 11. Qg3 {[%emt 0:00:43] Strongly threatening Bf4.} O-O 12. Bh6 $1 {[%emt 0:00:46][%csl Gh6][%cal Rg3g7][%mdl 1024] White has strong compensation.} g6 {[%emt 0:00:13] [#]} 13. Qh4 $146 ({Predecessor:} 13. Bxf8 Bxf8 14. Rhe1 d6 15. f4 Nc6 16. Nb3 d5 17. Qe3 b5 18. g4 Bg7 19. f5 {0-1 (32) Perez Ponsa,F (2559)-Andreikin,D (2726) Chess.com INT 2020}) 13... Be7 14. Bg5 $1 ({Don't do} 14. Bxf8 Kxf8 15. Kb1 b5 $11) 14... Qd8 15. Ne4 $1 $40 {[%emt 0:49:52][%cal Re4f6][%mdl 128] White has strong attack.} Nd5 {[%emt 0:04:33] [#]} 16. Nxe6 $1 fxe6 {[%emt 0:06:06] [#]} (16... dxe6 $2 {[#]} 17. Rxd5 $1 Bxg5+ 18. Nxg5 Qxg5+ 19. Qxg5 $18) 17. Rxd5 $1 Nc6 (17... exd5 $2 18. Bxe7 Qb6 19. Bxf8 dxe4 20. Bh6 $18) 18. Rd6 {[%emt 0:05:27][%cal Od6c6] aiming for Rxc6! White is much more active.} Bxg5+ 19. Nxg5 Qe7 {[%emt 0:00:30] Hoping for ...Rf5.} 20. Qg3 e5 $2 (20... Qf6 $16) 21. Bc4+ Kh8 22. Rhd1 Rf4 {[%emt 0:06:47] Prevents Bf7.} 23. Be2 Nd4 {[%emt 0:02:15] [#]} 24. R6xd4 Rxd4 25. Rxd4 exd4 26. Qxb8 Qxg5+ $18 {[%emt 0:00:30][%mdl 4096] Endgame KQB-KQB} 27. Kd1 Qc5 28. b4 Qf8 (28... Qc3) 29. Qe5+ {[%emt 0:00:29] White is clearly winning.} Qg7 30. Qc5 Qg8 31. Qxd4+ Qg7 32. Qc5 Qa1+ 33. Kd2 Kg7 {[%emt 0:00:06] Against Qf8+} 34. Qxc8 Qd4+ 35. Bd3 Qxf2+ 36. Kc3 Qe1+ 37. Kb3 Qb1+ 38. Ka3 Qc1+ 39. Ka4 Qb2 40. Qxd7+ Kh6 41. Qd5 Qb1 42. Ka5 {[%emt 0:02:31] Black must now prevent Qc4.} Qb2 43. a4 Qg7 44. Kb6 Qe7 45. b5 {[%emt 0:00:44] Black did not feel at home in the position after the opening.  Weighted Error Value: White=0.08 (flawless) /Black=0.38} 1-0

[Event "Mongolian Championship Open 2022"]
[Site "Chingis Khentii"]
[Date "2022.05.22"]
[Round "10.3"]
[White "Batchuluun, Tsegmed"]
[Black "Battulga, Namkhai"]
[Result "1-0"]
[ECO "D15"]
[WhiteElo "2536"]
[BlackElo "2402"]
[Annotator "TA"]
[PlyCount "59"]
[EventDate "2022.05.12"]
[EventType "tourn"]
[EventCountry "MGL"]
[SourceTitle "playchess.com"]
[Source "ChessBase"]
[SourceQuality "1"]
[TimeControl "40/5400+30:1800+30"]

1. d4 d5 2. c4 c6 3. Nf3 Nf6 4. Nc3 a6 5. c5 Bf5 6. Qb3 Ra7 {[%emt 0:00:05] D15: Slav Defence: 4 Nc3 a6 and gambit lines after 4 Nc3 dxc4.} 7. Bf4 Nbd7 8. h3 {[%emt 0:00:11] 8.e3 gains popularity.} g6 {[%emt 0:00:11] White has an edge.} 9. e3 Bg7 10. Nd2 O-O 11. g4 Be6 {[%emt 0:00:15][%cal Od7c5] [#]} 12. Na4 $146 ({Predecessor:} 12. Qc2 b6 13. b4 bxc5 14. bxc5 Ne4 15. Nb3 f5 16. f3 Nxc3 17. Qxc3 Bf7 18. gxf5 {0-1 (45) Kantor,G (2527)-Balog,I (2578) Ajka 2021}) 12... Ne4 13. Rd1 f5 14. f3 $36 {[%emt 0:23:23][%mdl 2048] White has the initiative.} Nxd2 15. Rxd2 Qa5 16. Kd1 h6 17. Nb6 fxg4 18. hxg4 {[%emt 0:16:05] aiming for Bd3.} g5 $2 (18... Nxb6 $16 {is a better chance.} 19. cxb6 (19. Qxb6 Qxb6 20. cxb6 Raa8 $14) 19... Raa8) 19. Bc7 $1 $18 (19. Nxd7 Bxd7 20. Be5 (20. Qb6 Qxb6 21. cxb6 Raa8 $19) 20... Rxf3 $15) 19... Rxf3 20. Be2 $1 ({Worse is} 20. Nxd5 Qxc7 21. Nxc7 Bxb3+ 22. axb3 b5 $15) 20... Rf2 21. Rg1 {[%emt 0:03:32] Active counter play!} ({Less strong is} 21. Nxd5 Qxc7 22. Nxc7 Bxb3+ 23. axb3 b5 24. cxb6 Nxb6 $14) (21. a4 $142 Nf6 22. Na8 $1) 21... Kh8 $2 {[%emt 0:41:04] [#]} (21... Nxb6 $2 22. Bxb6 Qxd2+ 23. Kxd2 $18) (21... Rxe2 22. Rxe2 (22. Kxe2 Qb5+ 23. Qxb5 axb5 $16) 22... Qb5) 22. Rc2 $2 (22. a4 $1) 22... Rxe2 23. Rxe2 Nf6 $2 {[%emt 0:04:28][%mdl 8192] Loses the game.} (23... Qb5 $16 24. Qc3 Nxb6 25. Bxb6 Ra8) 24. Bb8 {[%emt 0:01:23] White is clearly winning.} Bxg4 25. Rxg4 Nxg4 26. Bxa7 Bf6 27. Bb8 {[%emt 0:00:37] Threatens to win with a4.} h5 28. a4 {[%emt 0:03:55] Against Qb5} e5 29. Qa3 exd4 30. exd4 {[%emt 0:01:40] Weighted Error Value: White=0.59/Black=0.58} 1-0

[Event "Mongolian Championship Open 2022"]
[Site "Chingis Khentii"]
[Date "2022.05.22"]
[Round "10.4"]
[White "Boldoo, Erdenepurev"]
[Black "Batsuren, Dambasuren"]
[Result "0-1"]
[ECO "E04"]
[WhiteElo "2371"]
[BlackElo "2501"]
[Annotator "TA"]
[PlyCount "64"]
[EventDate "2022.05.12"]
[EventType "tourn"]
[EventCountry "MGL"]
[SourceTitle "playchess.com"]
[Source "ChessBase"]
[SourceQuality "1"]
[TimeControl "40/5400+30:1800+30"]

1. d4 Nf6 2. c4 e6 3. g3 d5 4. Nf3 dxc4 5. Bg2 Nc6 6. O-O Rb8 7. e3 b5 8. b3 {[%emt 0:06:43] E04: Open Catalan: 5 Nf3.} cxb3 9. axb3 Bb7 10. Qe2 {[%emt 0:03:04][%mdl 1024] White has compensation. White is slightly better.} a6 11. Bd2 Bd6 12. Rc1 O-O 13. Ne1 Qe8 14. Nd3 e5 15. Rxc6 Bxc6 16. Bxc6 Qxc6 17. dxe5 Bxe5 18. Nxe5 Qd5 19. Bc3 Ne4 {[%emt 0:06:24] [#]} 20. Bd4 $146 (20. Qd3 $1 $11 {remains equal.} Nxc3 21. Qxc3) ({Predecessor:} 20. Qd3 Rbd8 21. Qxd5 Rxd5 22. Bd4 c5 23. Nc3 Nxc3 24. Bxc3 f6 25. Nc6 Rd3 26. Be1 Rxb3 27. Rxa6 {0-1 (56) Yuffa,D (2594)-Gelfand,B (2685) Moscow 2020}) 20... f6 $17 {[%emt 0:02:58] [#] Threatens to win with ...Ng5.} 21. Nf3 c5 $36 {[%emt 0:01:00][%mdl 2048] Keeping White busy. Black is more active.} 22. Nc3 Nxc3 23. Bxc3 Qxb3 24. Be1 Rfd8 25. Rxa6 b4 26. Rc6 Qd1 27. Qc4+ Qd5 28. Nd2 {[%emt 0:08:02][%mdl 8192] Loses the game.} (28. Rxc5 $17 Qxc4 29. Rxc4) 28... Qxc4 $19 {[%emt 0:02:38] Black is clearly winning.} 29. Nxc4 Rd1 30. Kf1 b3 31. Rxc5 Rc1 32. Ke2 {[%emt 0:00:40] [#]} Rxc4 $1 {[%emt 0:00:29][%mdl 576] Promotion.  Weighted Error Value: White=0.60/Black=0.02 (flawless)} 0-1

[Event "Mongolian Championship Open 2022"]
[Site "Chingis Khentii"]
[Date "2022.05.22"]
[Round "10.5"]
[White "Amartuvshin, Ganzorig"]
[Black "Amilal Munkhdalai"]
[Result "1-0"]
[ECO "E43"]
[WhiteElo "2350"]
[BlackElo "2033"]
[Annotator "TA"]
[PlyCount "125"]
[EventDate "2022.05.12"]
[EventType "tourn"]
[EventCountry "MGL"]
[SourceTitle "playchess.com"]
[Source "ChessBase"]
[SourceQuality "1"]
[TimeControl "40/5400+30:1800+30"]

1. d4 Nf6 2. c4 e6 3. Nc3 Bb4 4. Nf3 b6 5. e3 Bb7 6. Bd3 O-O 7. O-O c5 8. Na4 cxd4 9. exd4 Bxf3 {[%emt 0:08:17] E43: Nimzo-Indian: Rubinstein: 4...b6.} 10. Qxf3 (10. gxf3 Nc6 $15) 10... Nc6 {[%emt 0:00:06] [#]} 11. Qg3 $146 ({Better is} 11. Be3 $14) ({Predecessor:} 11. Be3 e5 12. d5 e4 13. Bxe4 Ne5 14. Qf4 Re8 15. Bf3 Bd6 16. Qd4 Nxf3+ 17. gxf3 {0-1 (62) Mamedyarov,S (2800)-Karjakin,S (2781) Paris 2017}) 11... Nxd4 $11 {[%emt 0:13:37] The position is equal.} 12. Bh6 Nh5 {[%emt 0:13:58] Pair of Knights!} 13. Qg4 {[%emt 0:00:48][%csl LRd4,LRh5] [#]} f5 $1 14. Qxd4 gxh6 15. Be2 Nf6 16. a3 Be7 17. Bf3 Rc8 18. Rfe1 Qc7 19. Rac1 Qd6 $36 {[%emt 0:17:46][%mdl 2048] Black has some pressure.} 20. Qe3 Ng4 $1 21. Bxg4 Bg5 ({Black should play} 21... fxg4 $15 22. Rcd1 Qc6) 22. Rcd1 (22. f4 $2 Bxf4 23. Qc3 Bxc1 $19) 22... Qc7 23. Qd4 (23. f4 Bxf4 24. Qh3 fxg4 25. Qxg4+ Kh8 $17) 23... fxg4 24. b3 h5 25. Re2 (25. Qxd7 $11 Qxd7 26. Rxd7) 25... Rf7 (25... Rfd8 $5 26. Nc3 Qc5 27. Qxc5 Rxc5 $15) 26. Qd3 Bf6 27. Nc3 {[%emt 0:02:08][%cal Ba4c3,Bc3b5,Bb5d6,Bd6f7,Bf7e5][%mdl 32] Black must now prevent Nb5.} d5 28. Nb5 dxc4 (28... Qc5 $17 {And now ...a6 would win.} 29. cxd5 exd5) 29. Qb1 $1 Qf4 (29... Qc6 $11 30. Nd6 c3 31. Nxc8 (31. Nxf7 c2 $17) 31... Qxc8) 30. Nd6 $16 Be5 $2 (30... Rd8 $16 31. Nxf7 Rxd1+ 32. Qxd1 Kxf7) 31. g3 $1 $18 (31. Rxe5 Qxe5 32. Nxf7 (32. Nxc8 Qe2 $11) 32... Kxf7 $14) 31... Qf3 32. Nxf7 (32. Rxe5 Qxf2+ 33. Kh1 Qf3+ 34. Kg1 Qf2+ 35. Kh1 Qf3+ 36. Kg1 Qf2+ $11) 32... Qxe2 33. Re1 $2 (33. Ng5 $1 $18 Kf8 34. Nxe6+ Ke7 35. Nf4 (35. Re1 $2 Qd3 $19) 35... Qxd1+ 36. Qxd1 Bxf4 37. Qe1+ Kd7 38. gxf4) 33... Qd2 $14 {[%emt 0:00:58] ...Bd4 is the strong threat.} 34. Nxe5 cxb3 35. Qe4 {[%emt 0:05:00] Hoping for Nd3.} Rc1 $1 36. Rxc1 (36. Qa8+ Kg7 37. Qxa7+ Kh6 38. Nf7+ Kg6 39. Ne5+ Kh6 40. Nf7+ Kg6 41. Ne5+ Kh6 $11) 36... Qxc1+ 37. Kg2 b2 $2 ({Black should try} 37... Qxa3 $14 38. Qe3 Qd6) 38. Qb7 $2 {[%emt 0:00:25] Dancing on a razor blade.} ({Only move:} 38. Qd4 $1 $18 {[%cal Rd4d8] Qd8+ would kill now.} Qc8 39. Qxb2) 38... Kh8 $11 39. Nd7 Kg7 (39... b1=Q 40. Qb8+) 40. Qa8 {[%emt 0:00:00] White threatens Qf8+ and mate.} (40. Nc5+ Kh6 41. Qf7 (41. Nxe6 $2 Qc3 $19) 41... Qh1+ 42. Kxh1 b1=Q+ 43. Kg2 bxc5) 40... Qc3 (40... Qg5 $5 41. Qf8+ Kg6 42. Qg8+ Kf5 43. Qf8+ (43. Qxh7+ Qg6 $11) 43... Kg6 44. Qg8+ Kh6 45. Qf8+ Qg7 46. Qf4+ Kg6 $11) 41. Qf8+ Kg6 42. Qg8+ Kh6 43. Qxe6+ Kg7 44. Qe7+ Kh6 45. Qd6+ Kg7 {[%emt 0:01:06] ( -> ...Qf3+)} 46. Ne5 {[%emt 0:04:03] Inhibits Qf3+. Intending Qe7+ and mate.} Qf3+ {[%emt 0:00:07] Black is on the road to losing.} 47. Nxf3 $16 gxf3+ 48. Kxf3 {[%emt 0:00:05] White wants to mate with Qe5+.} b1=Q {[%emt 0:00:01][%mdl 4096] Endgame KQ-KQ} 49. Qe5+ Kg6 $2 {[%emt 0:10:07][%mdl 8192] [#]} (49... Kf7 $16) 50. Qe4+ $1 $18 Qxe4+ 51. Kxe4 {[%emt 0:00:04] KP-KP} h4 52. Kd5 {[%emt 0:00:28] White mates.} Kf5 53. f3 h3 54. Kc6 Ke5 55. Kb7 Kd4 56. f4 Ke4 57. Kxa7 Kf3 {[%emt 0:00:06] [#]} 58. f5 $1 Kg2 59. f6 Kxh2 60. f7 Kg1 61. f8=Q h2 62. Kxb6 h1=Q 63. Qc5+ {[%emt 0:00:07] Weighted Error Value: White=0.20 (precise) /Black=0.49} 1-0

[Event "Mongolian Championship Open 2022"]
[Site "Chingis Khentii"]
[Date "2022.05.22"]
[Round "10.6"]
[White "Enkhnar, Enkhbaatar"]
[Black "Munkhgal, Gombosuren"]
[Result "1/2-1/2"]
[ECO "E05"]
[WhiteElo "2368"]
[BlackElo "2502"]
[Annotator "TA"]
[PlyCount "28"]
[EventDate "2022.05.12"]
[EventType "tourn"]
[EventCountry "MGL"]
[SourceTitle "playchess.com"]
[Source "ChessBase"]
[SourceQuality "1"]
[TimeControl "40/5400+30:1800+30"]

1. d4 Nf6 2. c4 e6 3. Nf3 d5 4. g3 dxc4 5. Bg2 Be7 6. O-O O-O 7. Qc2 a6 8. Qxc4 b5 9. Qc2 Bb7 10. Bd2 Be4 {[%emt 0:00:05] [#]} 11. Qb3 $146 ({Predecessor:} 11. Qc1 c6 12. a4 b4 13. Bg5 Bxf3 14. Bxf3 Qxd4 15. Rd1 Qa7 16. Nd2 Nd5 17. Nc4 Bxg5 18. Qxg5 h6 19. Qd2 a5 20. e4 Nb6 21. Nxb6 Qxb6 {½-½ (40) Caruana,F (2786)-So,W (2776) Bucharest 2022}) 11... Bd5 12. Qc2 Be4 13. Qb3 Bd5 14. Qc2 Be4 1/2-1/2